 Dungeon Crawl Stone Soup version 0.25.0-9-g26727b657a (webtiles) character file.

Game seed: 13705608820269732579

116733 Flugkiller the Severer (level 15, -1/142 HPs)
             Began as a Deep Dwarf Fighter on June 20, 2020.
             Was a High Priest of Makhleb.
             Killed from afar by a merfolk aquamancer (45 damage)
             ... with a ball of steam
             ... on level 4 of the Shoals.
             The game lasted 00:13:47 (15796 turns).

Flugkiller the Severer (Deep Dwarf Fighter)        Turns: 15796, Time: 00:13:47

Health: -1/142     AC: 35    Str: 26    XL:     15   Next: 89%
Magic:  3/3        EV:  5    Int:  9    God:    Makhleb [*****.]
Gold:   611        SH: 14    Dex: 18    Spells: 14/14 levels left

rFire    . . .     SeeInvis .   I - +3 broad axe (flame)
rCold    . . .     Gourm    .   c - +0 kite shield
rNeg     + . .     Faith    .   a - +2 crystal plate armour
rPois    .         Spirit   .   E - +1 helmet
rElec    .         Reflect  .   m - +0 cloak
rCorr    .         Harm     .   A - +2 pair of gloves
MR       ++...                  l - +2 pair of boots {Fly}
Stlth    ..........             (no amulet)
HPRegen  0.00/turn              n - +6 ring of dexterity
MPRegen  0.08/turn              j - +4 ring of slaying

@: lethally poisoned (-1 -> -17), flying, non-regenerating
A: damage resistance, heal wounds, negative energy resistance 1, sense
surroundings 2, no regeneration
}: 1/15 runes: serpentine
a: Heal Wounds, Minor Destruction, Lesser Servant of Makhleb, Major Destruction,
Greater Servant of Makhleb, Renounce Religion, Stop Flying


You were on level 4 of the Shoals.
You worshipped Makhleb.
Makhleb was extremely pleased with you.
You were hungry.

You visited 6 branches of the dungeon, and saw 27 of its levels.

You collected 4658 gold pieces.
You spent 4047 gold pieces at shops.

Inventory:

Hand Weapons
 I - a +3 broad axe of flaming (weapon)
   (You bought it in a shop on level 2 of the Orcish Mines)
Missiles
 u - 8 throwing nets (quivered)
Armour
 a - a +2 crystal plate armour (worn)
   (You bought it in a shop on level 6 of the Dungeon)
 c - a +0 kite shield (worn)
 l - a +2 pair of boots of flying (worn)
   (You bought it in a shop on level 2 of the Orcish Mines)
 m - a +0 cloak (worn)
   (You took it off Crazy Yiuf on level 7 of the Dungeon)
 A - a +2 pair of gloves (worn)
   (You found it on level 5 of the Dungeon)
 C - a +0 plate armour
   (You found it on level 8 of the Dungeon)
 E - a +1 helmet (worn)
   (You took it off Robin on level 4 of the Dungeon)
Jewellery
 j - a +4 ring of slaying (right hand)
   (You bought it in a shop on level 2 of the Orcish Mines)
 k - an uncursed ring of resist corrosion
   (You found it on level 11 of the Dungeon)
 n - a +6 ring of dexterity (left hand)
   (You found it on level 4 of the Lair of Beasts)
 s - an uncursed ring of ice
   (You found it on level 5 of the Dungeon)
 K - an uncursed ring of wizardry {unknown}
   (You found it on level 4 of the Shoals)
Wands
 v - a wand of digging (6)
   (You found it on level 9 of the Dungeon)
Scrolls
 b - 4 scrolls of fear
 g - 4 scrolls of fog
 p - a scroll of brand weapon
 r - 2 scrolls of identify
 t - 6 scrolls of teleportation
 x - 6 scrolls of remove curse
 y - 5 scrolls of magic mapping
 z - a scroll of blinking
 D - a scroll of vulnerability
 G - 7 scrolls of immolation
 J - a scroll of enchant weapon
Potions
 d - 2 potions of might
 h - 2 potions of haste
 i - 2 potions of cancellation
 o - a potion of lignification
 q - 2 potions of curing
 w - a potion of mutation
 B - 3 potions of flight
 F - 3 potions of ambrosia
 H - a potion of berserk rage
Comestibles
 e - 36 rations
 f - 9 chunks of flesh


   Skills:
 + Level 11.4 Fighting
 * Level 17.6 Axes
 + Level 13.3 Armour
 + Level 13.3 Shields
 + Level 14.0 Invocations


You had 14 spell levels left.
You didn't know any spells.
Your spell library was empty.

Dungeon Overview and Level Annotations

Branches:
Dungeon (12/15)            Temple (1/1) D:6            Lair (4/6) D:10
 Shoals (4/4) Lair:4        Snake (4/4) Lair:2          Orc (2/2) D:10
    Elf (0/3) Orc:2

Altars:
Ashenzari
Cheibriados
Dithmenos
Elyvilon
Fedhas
Gozag
Hepliaklqana
Kikubaaqudgha
Makhleb
Nemelex Xobeh
Okawaru
Qazlal
Ru
Sif Muna
Trog
Uskayaw
Vehumet
Wu Jian
Xom
Yredelemnul
Zin
The Shining One
Beogh

Shops:
D:5 *   D:6 *   D:7 [   D:12 *   Orc:2 ??[}[(=:(   Shoals:1 *   Snake:4 (

Annotations:
D:5 1 exclusion


Innate Abilities, Weirdness & Mutations

You are resistant to damage.
You can heal yourself by infusing magical energy.
You resist negative energy. (rN+)
You passively map the area around you.
You do not regenerate.


Message History

The merfolk impaler hits you but does no damage.
You block the merfolk aquamancer's attack.
You are too injured to fight recklessly!
You are too injured to fight recklessly!
You are too injured to fight recklessly!
You are too injured to fight recklessly!
You are too injured to fight recklessly!
You are too injured to fight recklessly!
You feel much better.
You feel very sick.
The merfolk impaler hits you from afar with a +1 trident of freezing.
The merfolk impaler freezes you.
The merfolk impaler hits you but does no damage.
The merfolk aquamancer gestures at you while chanting.
The ball of steam hits you!!
The merfolk impaler hits you but does no damage. x2
You feel very sick.
The merfolk aquamancer casts a spell at you.
The ball of steam hits you!!!
You die...

.......≈≈≈(≈............
, , ≈
........≈≈≈(............,
, ,
≈≈......≈≈≈≈≈......P.P..
, ,
≈≈≈.....≈≈(≈≈≈...$.P....
, ,
≈≈≈≈.≈≈≈≈≈((≈≈..P†......
≈≈≈≈###≈≈?((≈≈.....$....
, ,, ≈.###*###≈(≈≈....m#
* * , , ##, ≈##†≈....§§#
* *, * ≈≈≈ ##≈....@#)mm#
*≈ ≈ ≈≈#≈..[..##.m.≈...
#......# #.#.#.# ,
*#(.....≈# ≈. .≈ ≈ , * ≈≈
≈##.....##*.#. .. *≈
#≈.....# .≈.,. , ≈≈ , **
#.....≈≈# * . #. * , , *
*.≈≈≈≈≈≈≈., * , ≈ ≈ , , ≈
≈ * ** ≈ ≈


You could see a merfolk aquamancer.

Vanquished Creatures
  5 nagarajas (Snake:4)
  3 merfolk javelineers (Shoals:4)
  5 merfolk impalers
  3 ogre magi (Orc:2)
  Josephine (D:10)
  A hydra (D:11)
  3 naga warriors
  6 anacondas
  An alligator snapping turtle (Shoals:4)
  A merfolk aquamancer (Shoals:1)
  4 shock serpents
  10 naga sharpshooters
  A fire crab (Lair:4)
  4 sea snakes
  6 naga ritualists
  Pikel (D:8)
  An orc knight (Orc:2)
  2 cyclopes (Shoals:4)
  7 orc sorcerers (Orc:2)
  An ugly thing (D:12)
  5 mana vipers
  3 manticores
  3 fauns (Shoals:1)
  3 merfolk sirens
  An elephant (Lair:3)
  8 naga magi
  26 black mambas
  5 spiny frogs
  A guardian serpent (Snake:3)
  2 molten gargoyles (Lair:3)
  2 water nymphs (Shoals:4)
  A gargoyle (D:11)
  A kobold demonologist (D:12)
  A komodo dragon (D:12)
  2 tengu conjurers (D:10)
  2 polar bears
  16 merfolk
  2 wind drakes
  A troll (D:10)
  8 hippogriffs
  5 dream sheep (Shoals:4)
  4 snapping turtles
  3 wyverns
  3 wraiths (D:10)
  4 water elementals
  2 basilisks (D:10)
  A vampire (D:12)
  14 yaks
  Menkaure (D:7)
  2 wargs (Orc:2)
  Edmund (D:4)
  23 nagas
  10 water moccasins
  A slave (D:8)
  5 porcupines
  4 ice beasts
  2 necrophages
  2 hornet zombies
  6 orc warriors
  3 phantoms
  2 sky beasts
  A black bear (D:7)
  10 ogres
  26 wolves
  4 centaurs
  4 crocodiles
  Blork the orc (D:4)
  13 bullfrogs
  A wyvern zombie (D:7)
  A wyvern skeleton (D:8)
  4 scorpions
  12 killer bees
  3 howler monkeys
  4 crimson imps
  4 lava snakes (Lair:3)
  A quasit (D:8)
  A bullfrog zombie (D:6)
  8 hounds
  A bullfrog skeleton (D:2)
  12 orc priests
  2 jellies
  Crazy Yiuf (D:7)
  2 centaur skeletons
  29 orc wizards
  3 iguanas
  7 worker ants
  Natasha (D:2)
  A killer bee zombie (D:6)
  3 hound skeletons
  Robin (D:4)
  21 adders
  7 gnolls
  A river rat (D:5)
  4 shadow imps
  An ooze (D:2)
  An adder skeleton (D:6)
  4 worms
  A dart slug (D:2)
  8 leopard geckos
  48 orcs
  7 bats
  7 giant cockroaches
  11 goblins
  8 hobgoblins
  2 kobolds (D:1)
  2 quokkas
  5 frilled lizards
  A leopard gecko skeleton (D:4)
  A leopard gecko zombie (D:6)
  A quokka zombie (D:8)
  7 rats
  3 rat zombies (D:5)
  3 fungi
  A plant (Lair:1)
573 creatures vanquished.

Vanquished Creatures (collateral kills)
  2 nagarajas (Snake:4)
  A frost giant (Shoals:4)
  2 merfolk javelineers (Shoals:4)
  4 naga warriors (Snake:4)
  4 hydras
  An anaconda (Snake:4)
  7 naga sharpshooters
  A sea snake (Shoals:4)
  An orc knight (Orc:2)
  4 naga ritualists (Snake:4)
  A mana viper (Snake:4)
  An orc sorcerer (Orc:2)
  A cyclops (Shoals:4)
  2 elephants (Lair:3)
  3 black mambas
  8 naga magi
  2 guardian serpents
  2 spiny frogs
  4 komodo dragons
  A wind drake (Shoals:1)
  A snapping turtle (Shoals:4)
  2 hippogriffs
  2 yaks (Lair:3)
  3 water elementals (Shoals:1)
  A warg (Orc:2)
  6 nagas (Snake:4)
  A water moccasin (Lair:3)
  A porcupine (Lair:2)
  An orc warrior (Orc:2)
  2 ogres (Orc:2)
  2 wolves (Lair:3)
  A scorpion (D:11)
  An orc priest (Orc:2)
  An orc wizard (Orc:2)
  An adder (D:11)
  2 orcs (Orc:2)
80 creatures vanquished.

Vanquished Creatures (others)
  2 slaves (D:8)
  A lava snake (Lair:3)
  An orc wizard (D:7)
  A fungus (Lair:3)
5 creatures vanquished.

Grand Total: 658 creatures vanquished

Notes
Turn   | Place    | Note
-------+----------+-------------------------------------------
     0 | D:1      | Flugkiller the Deep Dwarf Fighter began the quest for the
                  | Orb.
     0 | D:1      | Reached XP level 1. HP: 20/20 MP: 1/1
   231 | D:1      | Reached XP level 2. HP: 27/27 MP: 2/2
   610 | D:2      | Reached skill level 3 in Axes
   610 | D:2      | Reached XP level 3. HP: 29/33 MP: 3/3
   663 | D:2      | Noticed Natasha
   670 | D:2      | Killed Natasha
   670 | D:2      | Reached XP level 4. HP: 32/42 MP: 4/4
  1173 | D:3      | Reached skill level 4 in Axes
  1173 | D:3      | Reached XP level 5. HP: 42/49 MP: 5/5
  1597 | D:4      | Noticed Edmund
  1607 | D:4      | Killed Edmund
  1607 | D:4      | Reached XP level 6. HP: 37/57 MP: 6/6
  1620 | D:4      | Reached skill level 5 in Axes
  1793 | D:4      | Noticed Blork the orc
  1803 | D:4      | Killed Blork the orc
  1891 | D:4      | Reached XP level 7. HP: 30/64 MP: 7/7
  1918 | D:4      | Noticed Robin
  1933 | D:4      | Killed Robin
  1955 | D:4      | Reached skill level 5 in Shields
  1957 | D:4      | Reached skill level 5 in Armour
  2232 | D:5      | Entered Level 5 of the Dungeon
  2264 | D:5      | Reached skill level 6 in Axes
  2399 | D:5      | Reached XP level 8. HP: 45/73 MP: 7/7
  2553 | D:5      | Reached skill level 7 in Axes
  2691 | D:5      | Found an ancient bone altar of Kikubaaqudgha.
  2772 | D:5      | Found Pyrqooj's Practical Paraphernalia.
  2978 | D:6      | Reached skill level 5 in Fighting
  3016 | D:6      | Found a staircase to the Ecumenical Temple.
  3036 | Temple   | Entered the Ecumenical Temple
  3209 | Temple   | Became a worshipper of Makhleb the Destroyer
  3317 | D:6      | Reached skill level 1 in Invocations
  3347 | D:6      | Reached skill level 8 in Axes
  3355 | D:6      | Found Kigys's Lightly-Used Armoury.
  3423 | D:6      | Gained mutation: You passively map the area around you.
                  | [Deep Dwarf growth]
  3423 | D:6      | Reached XP level 9. HP: 63/81 MP: 9/9
  3795 | D:7      | Noticed Menkaure
  3829 | D:7      | Killed Menkaure
  3868 | D:7      | Found Vaon's Armour Emporium.
  4156 | D:7      | Reached skill level 9 in Axes
  4165 | D:7      | Reached * piety under Makhleb
  4563 | D:7      | Found a runed translucent door.
  4564 | D:7      | Noticed Crazy Yiuf
  4571 | D:7      | Killed Crazy Yiuf
  4765 | D:8      | Noticed Pikel
  4781 | D:8      | Killed Pikel
  4781 | D:8      | Reached skill level 5 in Invocations
  4781 | D:8      | Reached XP level 10. HP: 60/91 MP: 11/11
  4788 | D:8      | Reached skill level 10 in Axes
  4991 | D:8      | Reached ** piety under Makhleb
  5920 | D:10     | Entered Level 10 of the Dungeon
  5924 | D:10     | Found a staircase to the Orcish Mines.
  6027 | D:10     | Found a staircase to the Lair.
  6104 | D:10     | Found a roughly hewn altar of Beogh.
  6188 | D:10     | Reached skill level 11 in Axes
  6492 | D:10     | Reached *** piety under Makhleb
  6599 | D:10     | Noticed Josephine
  6619 | D:10     | Reached XP level 11. HP: 100/100 MP: 12/12
  6624 | D:10     | Killed Josephine
  7503 | D:11     | Noticed a four-headed hydra
  7517 | D:11     | Killed a ten-headed hydra
  7901 | Lair:1   | Entered Level 1 of the Lair of Beasts
  7962 | Lair:1   | Reached skill level 12 in Axes
  8315 | Lair:2   | Found a staircase to the Snake Pit.
  8950 | Lair:3   | Noticed a four-headed hydra
  8959 | Lair:3   | Reached **** piety under Makhleb
  8969 | Lair:3   | Reached XP level 12. HP: 53/110 MP: 10/10
  8970 | Lair:3   | Killed an eight-headed hydra
  9073 | Lair:3   | Reached skill level 13 in Axes
  9088 | Lair:3   | Reached skill level 10 in Armour
  9093 | Lair:3   | Reached skill level 10 in Shields
  9299 | Lair:3   | Noticed an eight-headed hydra
  9313 | Lair:3   | Killed a 13-headed hydra
  9941 | Lair:4   | Noticed an eight-headed hydra
  9956 | Lair:4   | HP: 5/112 [spiny frog (6)]
  9959 | Lair:4   | Killed a 13-headed hydra
  9970 | Lair:4   | Noticed a four-headed hydra
  9977 | Lair:4   | Killed a five-headed hydra
  9977 | Lair:4   | Reached skill level 10 in Invocations
 10512 | Lair:4   | Found a staircase to the Shoals.
 11049 | D:12     | Found Roihet Rohe's General Store.
 11055 | D:12     | Bought a potion of haste for 110 gold pieces
 11055 | D:12     | Bought a scroll of fog for 22 gold pieces
 11286 | D:12     | Reached skill level 14 in Axes
 11460 | D:12     | Reached XP level 13. HP: 120/121 MP: 8/8
 11594 | Orc:1    | Entered Level 1 of the Orcish Mines
 11625 | Orc:1    | Found a roughly hewn altar of Beogh.
 11654 | Orc:2    | Entered Level 2 of the Orcish Mines
 11655 | Orc:2    | Found Setinn's Armour Boutique.
 11660 | Orc:2    | Paralysed by an orc sorcerer for 5 turns
 11794 | Orc:2    | Found Yneoshe's Jewellery Emporium.
 11797 | Orc:2    | Found Ciprig's Weapon Emporium.
 11799 | Orc:2    | Found Vesac's Weapon Shoppe.
 11802 | Orc:2    | Found Icyaco's Book Shop.
 11830 | Orc:2    | Bought a +2 broad axe of flaming for 249 gold pieces
 12155 | Orc:2    | Reached ***** piety under Makhleb
 12190 | Orc:2    | Found a staircase to the Elven Halls.
 12262 | Orc:2    | Found Akuuriev's Magic Scroll Shop.
 12272 | Orc:2    | Bought a scroll of acquirement for 728 gold pieces
 12287 | Orc:2    | Found an ancient bone altar of Kikubaaqudgha.
 12318 | Orc:2    | Found Nypp's Antique Armour Shop.
 12334 | Orc:2    | Bought a pair of glowing boots for 187 gold pieces
 12338 | Orc:2    | Found a radiant altar of Vehumet.
 12396 | Orc:2    | Found a roughly hewn altar of Beogh.
 12414 | Orc:2    | Found Nokhugom's Magic Scroll Boutique.
 12443 | Orc:2    | Bought a scroll of brand weapon for 280 gold pieces
 12490 | Orc:2    | Found Hinagage's Gadget Boutique.
 12571 | Orc:2    | Bought a scroll of blinking for 105 gold pieces
 12571 | Orc:2    | Bought a scroll of enchant weapon for 105 gold pieces
 12614 | Orc:2    | Bought a +4 ring of slaying for 1092 gold pieces
 12729 | D:6      | Bought a -1 crystal plate armour for 1125 gold pieces
 12888 | Snake:1  | Entered Level 1 of the Snake Pit
 13211 | Snake:2  | Reached skill level 15 in Axes
 13377 | Snake:3  | Gained mutation: You resist negative energy. (rN+) [Deep
                  | Dwarf growth]
 13377 | Snake:3  | Reached XP level 14. HP: 85/130 MP: 8/8
 13389 | Snake:3  | Reached skill level 10 in Fighting
 13501 | Snake:4  | Entered Level 4 of the Snake Pit
 13644 | Snake:4  | Found Wujinod's Antique Weapon Emporium.
 13932 | Snake:4  | Reached skill level 16 in Axes
 13982 | Snake:4  | Noticed a nagaraja
 14005 | Snake:4  | Killed a nagaraja
 14017 | Snake:4  | Noticed a nagaraja
 14020 | Snake:4  | Noticed a nagaraja
 14046 | Snake:4  | Killed a nagaraja
 14051 | Snake:4  | Killed a nagaraja
 14055 | Snake:4  | Noticed a nagaraja
 14066 | Snake:4  | Noticed a nagaraja
 14067 | Snake:4  | Noticed a nagaraja
 14074 | Snake:4  | Reached XP level 15. HP: 61/140 MP: 9/9
 14075 | Snake:4  | Noticed a nagaraja
 14078 | Snake:4  | Killed a nagaraja
 14082 | Snake:4  | Killed a nagaraja
 14121 | Snake:4  | Killed a nagaraja
 14188 | Snake:4  | Killed a nagaraja
 14297 | Snake:4  | Got a serpentine rune of Zot
 14730 | Shoals:1 | Entered Level 1 of the Shoals
 14743 | Shoals:1 | Found Qaosil's General Store.
 14764 | Shoals:1 | Bought a potion of might for 44 gold pieces
 14821 | Shoals:1 | Reached skill level 17 in Axes
 15132 | Shoals:4 | Entered Level 4 of the Shoals
 15737 | Shoals:4 | Noticed a frost giant
 15765 | Shoals:4 | Killed a frost giant
 15796 | Shoals:4 | Killed from afar by a merfolk aquamancer

Illustrated notes

Levels and vault maps discovered:
D:1:      lightli_arrival_noodles, layout_loops_ring
D:2:      cheibrodos_fertilizer, layout_basic, first_ration,
          minmay_misc_feat_more_columns, uniq_natasha
D:3:      layout_basic, kennysheep_path_1, st_stairs_1,
          hangedman_decor_peaks_small
D:4:      layout_basic, minmay_misc_feat_roman, uniq_robin, uniq_blork_the_orc,
          uniq_edmund
D:5:      layout_cave_pools, lemuel_zombie_altar_kikubaaqudgha,
          lightli_sewer_entry_pipes, nicolae_alphabet_shops
D:6:      layout_basic, minmay_temple_entry_crystal_x, minmay_shop_damaged
D:7:      layout_loops_ring, serial_shops, nicolae_shop_waterfront,
          grunt_ogre_cave, uniq_crazy_yiuf_cottage, uniq_menkaure
D:8:      layout_cave_pools, uniq_pikel
D:9:      layout_basic
D:10:     layout_grid_maze, david_lair_generic, minmay_orc_entry_temple_small,
          uniq_josephine
D:11:     layout_irregular_city
D:12:     layout_grid_maze, serial_shops, shop, shop_fountains,
          nicolae_shop_overgrown_old_shop, nicolae_shop_trees
Temple:   roderic_octagonal_lattice_temple
Lair:1:   layout_layer_cave, st_stairs_8, minmay_hedge_maze
Lair:2:   layout_long_grid, minmay_snake_entry_six_corridors,
          gauntlet_entry_generic, grunt_forest_stairs_basic, grunt_megastairs_4
Lair:3:   cheibrodos_magma_flow, layout_chaotic_city,
          chequers_serial_rivers_micro_b, grunt_forest_large_clearings,
          lemuel_fruit_tree
Lair:4:   layout_misc_corridors, minmay_shoals_entry_hut, grunt_megastairs_1
Shoals:1: layout_shoals, serial_shops, shop
Shoals:2: layout_shoals, gammafunk_ghost_tricky_traps
Shoals:3: layout_shoals
Shoals:4: shoals_end_grunt_ice, layout_shoals
Snake:1:  layout_layer_cave
Snake:2:  layout_grid_maze
Snake:3:  layout_layer_cave
Snake:4:  snake_pit, layout_grid_shapes, serial_shops, nicolae_shop_trees
Orc:1:    layout_caves, serial_shops,
          nicolae_shop_temple_entry_statues_fountains, basic_altar
Orc:2:    kennysheep_orc_mage_school, layout_diamond_mine, serial_shops,
          nicolae_shop_waterfront, shop, shop, nicolae_shop_statue_plus, shop

Skill      XL: |  1  2  3  4  5  6  7  8  9 10 11 12 13 14 15 |
---------------+----------------------------------------------+-----
Axes           | 3 4 5 6 8 9 11 12 14 15 16 17 | 17.6
Fighting       | 3 4 5 6 7 8 9 10 11 | 11.4
Armour         | 4 5 6 7 8 9 10 11 12 13 | 13.3
Shields        | 4 5 6 7 8 9 10 11 12 13 | 13.3
Invocations    | 2 5 6 8 10 11 13 14 | 14.0

Action                   |  1- 3 |  4- 6 |  7- 9 | 10-12 | 13-15 || total
-------------------------+-------+-------+-------+-------+-------++-------
Melee: War axe           |    93 |    77 |    42 |   914 |    62 ||  1188
       Trident           |       |    76 |   395 |       |       ||   471
       Broad axe         |       |       |       |       |   734 ||   734
Invok: Lesser Servant of |       |       |       |    15 |     7 ||    22
       Greater Servant o |       |       |       |       |     9 ||     9
 Abil: Heal Wounds       |       |     1 |     8 |    32 |    26 ||    67
Evoke: Wand              |       |       |       |     6 |       ||     6
  Use: Scroll            |       |       |    15 |     9 |    10 ||    34
       Potion            |       |       |       |     7 |     7 ||    14
 Stab: Distracted        |       |       |       |     6 |     7 ||    13
  Eat: Chunk             |       |     2 |     5 |    19 |     8 ||    34
       Ration            |       |     1 |     1 |     1 |     2 ||     5
Armor: Chain mail        |    59 |    67 |   320 |    50 |       ||   496
       Scale mail        |     7 |       |       |       |       ||     7
       Plate armour      |       |       |       |   775 |    52 ||   827
       Crystal plate arm |       |       |       |       |   492 ||   492
Dodge: Dodged            |    26 |    39 |   155 |   258 |   114 ||   592
Block: Kite shield       |    59 |    87 |   273 |   752 |   563 ||  1734
